 Dungeon Crawl Stone Soup version 0.30-a0-50-gb2d611f6b1 (webtiles) character file.

Game seed: 7766343609292891611

64 gruber the Grave Robber (level 3, -3/24 HPs)
             Began as a Demonspawn Necromancer on Sept 4, 2022.
             Slain by a phantom (6 damage)
             ... on level 3 of the Dungeon.
             The game lasted 00:02:55 (1890 turns).

gruber the Grave Robber (Demonspawn Necromancer)    Turns: 1890, Time: 00:02:56

Health: -3/24      AC:  3    Str:  8    XL:     3   Next: 91%
Magic:  5/6        EV: 12    Int: 18    God:
Gold:   109        SH:  0    Dex: 13    Spells: 6/7 levels left

rFire   . . .      SeeInvis .    d - +0 short sword
rCold   . . .      Faith    .    (no shield)
rNeg    . . .      Spirit   .    a - +0 robe
rPois   .          Reflect  .    (no helmet)
rElec   .          Harm     .    (no cloak)
rCorr   .          Rampage  .    (no gloves)
Will    .....                    g - +0 pair of boots
Stlth   ++........               e - amulet of regeneration
HPRegen 0.88/turn                (no ring)
MPRegen 0.20/turn                (no ring)

@: no status effects
A: magic regeneration
a: no special abilities


You were on level 3 of the Dungeon.
You visited 1 branch of the dungeon, and saw 3 of its levels.

You collected 109 gold pieces.

Inventory:

Hand Weapons
 d - a +0 short sword (weapon)
Armour
 a - a +0 robe (worn)
 g - a +0 pair of boots (worn)
 m - +0 ice dragon scales
Jewellery
 e - an amulet of regeneration (around neck)
Scrolls
 f - 4 scrolls of identify {unknown}
 h - a scroll of enchant armour {unknown}
 i - 5 scrolls of teleportation {unknown}
 j - a scroll of magic mapping {unknown}
 l - a scroll of fog {unknown}
Potions
 b - a potion of magic
 c - a potion of curing {unknown}
 k - 2 potions of ambrosia {unknown}
 n - a potion of cancellation {unknown}
 o - a potion of brilliance {unknown}


   Skills:
 - Level 1.7 Dodging
 - Level 1.7 Stealth
 + Level 2.5 Spellcasting
 * Level 5.8 Necromancy


You had 6 spell levels left.
You knew the following spells:

 Your Spells              Type           Power      Damage    Failure   Level
a - Necrotise             Necr           92%        1d8       1%          1

Your spell library contained the following spells:

 Spells                   Type           Power      Damage    Failure   Level
 Vampiric Draining        Necr           23%        2d7       4%          3
 Animate Dead             Necr           23%        N/A       16%         4
 Beastly Appendage        Tmut           4%         N/A       17%         1
 Wereblood                Tmut           2%         N/A       26%         2
 Agony                    Necr           23%        N/A       41%         5
 Spider Form              Tmut/Pois      2%         N/A       45%         3


Dungeon Overview and Level Annotations

Branches:
Dungeon (3/15)

Altars:
Trog


Innate Abilities, Weirdness & Mutations

You regenerate magic rapidly.


Message History

* * * LOW HITPOINT WARNING * * *
You hit the phantom.
The phantom is severely damaged.
The bat misses you. The bat hits you.
* * * LOW HITPOINT WARNING * * *
The phantom hits you.
* * * LOW HITPOINT WARNING * * *
The bat barely misses you. The phantom attacks as you move away!
The phantom hits you but does no damage.
The bat misses you. The bat closely misses you.
Casting: Necrotise (safe; 1% risk of failure)
Confirm with . or Enter, or press ? or * to list all spells.
Aiming: Necrotise (safe; 1% risk of failure)
Press: ? - help, Shift-Dir - straight line, f - kobold
Aim: a kobold, wielding a +0 short sword and quivering stones (chance to affect: 91%)
The kobold writhes in agony.
The bat closely misses you. The kobold closely misses you.
Unknown command.
Casting: Necrotise (safe; 1% risk of failure)
Confirm with . or Enter, or press ? or * to list all spells.
Aiming: Necrotise (safe; 1% risk of failure)
Press: ? - help, Shift-Dir - straight line, f/p - kobold
Aim: a kobold, wielding a +0 short sword and quivering stones (moderately wounded, chance to affect: 91%)
The kobold barely resists.
The phantom hits you.
* * * LOW HITPOINT WARNING * * *
The phantom blinks!
You blink.
Unknown command.
Casting: Necrotise (safe; 1% risk of failure)
Confirm with . or Enter, or press ? or * to list all spells.
Okay, then.
The kobold throws a stone.
The stone misses you.
You hit the bat.
The bat is moderately wounded.
The bat hits you but does no damage. The phantom hits you.
* * * LOW HITPOINT WARNING * * *
The phantom blinks!
You blink.
The phantom attacks as you move away! The phantom hits you.
You die...

##.......## #...$.....#
#.........#######
#.........#.....# .
#.........#.....# ...
#...............#
..K.######......b.......#
..#.....................#
..........<.K...@W.......
....#####.###.#######.#.#
..# #.......# . #...$..[#
#.......#####.#
#.............#
#........##....
#.........# ?.
..#...$.....#


You could see a phantom, a bat and a kobold.

Vanquished Creatures
  2 adders (D:2)
  A worm (D:2)
  2 ball pythons (D:1)
  6 endoplasms
  3 giant cockroaches
  3 hobgoblins (D:1)
  2 quokkas (D:2)
  4 bats
  A frilled lizard (D:3)
  5 goblins
  2 kobolds (D:1)
  8 rats
39 creatures vanquished.

Vanquished Creatures (collateral kills)
  A goblin (D:2)
  A rat (D:1)
2 creatures vanquished.

Grand Total: 41 creatures vanquished

Notes
Turn   | Place    | Note
-------+----------+-------------------------------------------
     0 | D:1      | gruber the Demonspawn Necromancer began the quest for the
                  | Orb.
     0 | D:1      | Reached XP level 1. HP: 13/13 MP: 3/3
   331 | D:1      | Gained mutation: You regenerate magic rapidly. [demonic
                  | ancestry]
   331 | D:1      | Reached XP level 2. HP: 19/19 MP: 1/5
   371 | D:1      | Reached skill level 5 in Necromancy
  1050 | D:2      | Reached XP level 3. HP: 24/24 MP: 1/6
  1188 | D:2      | Identified the +6 chain mail of Infinity {rElec rC- rCorr
                  | Str+2}
  1226 | D:2      | Noticed a golden eye
  1237 | D:2      | Noticed a shining eye
  1240 | D:2      | Found a faded altar of an unknown god.
  1242 | D:2      | Noticed an eye of devastation
  1242 | D:2      | Noticed a golden eye
  1356 | D:2      | Found a bloodstained altar of Trog.
  1785 | D:3      | Noticed a phantom
  1890 | D:3      | Slain by a phantom

Illustrated notes

Levels and vault maps discovered:
D:1:      ncdulo_smallfort, layout_loops_ring, minivault_5
D:2:      layout_basic, basic_altar, hellmonk_ecumenical_altar_watching_god
D:3:      layout_rooms, old_standard_altar, chequers_serial_rivers_marsh,
          uniq_jessica, uniq_crazy_yiuf_cottage, uniq_sigmund

Skill      XL: |  1  2 |
---------------+-------+-----
Necromancy     | 5 |  5.8
Dodging        | |  1.7
Stealth        | |  1.7
Spellcasting   | |  2.5

Action                   || total
-------------------------++-------
Melee: Unarmed           ||     5
       Short sword       ||    34
 Cast: Necrotise         ||    71
Armor: Robe              ||    14
Dodge: Dodged            ||    37

Table legend: (Time is in decaauts)
 A = Elapsed time spent in this place.
 B = Non-inter-level travel time spent in this place.
 C = Inter-level travel time spent in this place.
 D = Time resting spent in this place.
 E = Time spent auto-exploring this place.
 F = Levels seen in this place.
 G = Mean time per level.
                   A        B        C        D        E       F      G
               +--------+--------+--------+--------+--------+-----+--------+
         Total |   1893 |   1789 |    104 |      0 |   1507 |   3 |  631.0 |
       Dungeon |   1893 |   1789 |    104 |      0 |   1507 |   3 |  631.0 |
               +--------+--------+--------+--------+--------+-----+--------+

Top non-repeatable levels by time:
     D:1: 1038 daAuts
     D:2: 784 daAuts
     D:3: 70 daAuts
